 Dungeon Crawl Stone Soup version 0.21-a0-513-gdcb3f5e (webtiles) character file.

49 papiloppo the Firebug (level 3, 0/26 HPs)
             Began as a Demonspawn Fire Elementalist on Dec 2, 2017.
             Slain by an adder (4 damage)
             ... on level 2 of the Dungeon.
             The game lasted 00:02:43 (1500 turns).

papiloppo the Firebug (DsFE)                        Turns: 1500, Time: 00:02:44

Health: 0/26       AC:  4    Str:  8    XL:     3   Next: 53%
Magic:  1/6        EV: 12    Int: 17    God:
Gold:   53         SH:  0    Dex: 13    Spells: 5/6 levels left

rFire    . . .     SeeInvis .   (no weapon)
rCold    . . .     Gourm    .   (no shield)
rNeg     . . .     Faith    .   a - +0 robe
rPois    .         Spirit   .   (no helmet)
rElec    .         Reflect  .   (no cloak)
rCorr    .         Harm     .   (no gloves)
MR       .....                  (no boots)
Stlth    ++........             (no amulet)
HPRegen  0.08/turn              (no ring)
MPRegen  0.10/turn              (no ring)

@: no status effects
A: yellow scales 1
a: no special abilities


You were on level 2 of the Dungeon.
You were not hungry.

You visited 1 branch of the dungeon, and saw 2 of its levels.

You collected 53 gold pieces.

Inventory:

Armour
 a - a +0 robe (worn)
 e - a +0 pair of gloves
Scrolls
 d - 2 scrolls of identify {unknown}
 i - a scroll of remove curse {unknown}
Potions
 g - 2 potions of agility {unknown}
 h - 2 potions of curing {unknown}
Books
 b - a book of Flames

   Spells                             Type                      Level
   a - Flame Tongue                   Conjuration/Fire             1
   b - Throw Flame                    Conjuration/Fire             2
   c - Conjure Flame                  Conjuration/Fire             3
   d - Inner Flame                    Hexes/Fire                   3
   e - Sticky Flame                   Conjuration/Fire             4
   f - Fireball                       Conjuration/Fire             5
Comestibles
 c - a bread ration
 f - 4 fruits
 j - 6 chunks of flesh


   Skills:
 + Level 1.1 Fighting
 + Level 2.2 Dodging
 - Level 1.7 Stealth
 + Level 2.4 Spellcasting
 + Level 1.7 Conjurations
 + Level 3.0 Fire Magic


You had 5 spell levels left.
You knew the following spells:

 Your Spells              Type           Power        Failure   Level  Hunger
a - Flame Tongue          Conj/Fire      ##...        7%          1    #......


Dungeon Overview and Level Annotations

Branches:
Dungeon (2/15)

Altars:


Innate Abilities, Weirdness & Mutations

You are partially covered in yellow scales. (AC +2)


Message History

The adder is lightly wounded.
The adder barely misses you.
You barely miss the adder.
The adder is lightly wounded.
The adder barely misses you.
You miss the adder.
The adder is lightly wounded.
The adder closely misses you. The adder bites you.
* * * LOW HITPOINT WARNING * * *
You barely miss the adder.
The adder is lightly wounded.
The adder bites you.
* * * LOW HITPOINT WARNING * * *
You closely miss the adder.
The adder is lightly wounded.
The adder misses you.
You miss the adder.
The adder is lightly wounded.
The adder bites you.
You die...

#.# #.# #.#♣♣.♣♣#
#........ #.# .######
#.# ♣ #......#
#.###.###......#
#.S.#.#......>.#
#.#@#..........#
#.#.###.....(..#
#.#............#
#...(.....(....#
#.......####........#
#.###..## ##.###.###
#.## #..##.### ##. #.
##......##... #.
....###......#


You could see an adder.

Vanquished Creatures
  An adder (D:2)
  2 dart slugs (D:1)
  3 leopard geckos
  A ball python (D:2)
  8 bats
  3 giant cockroaches
  A hobgoblin (D:1)
  A quokka (D:2)
  3 goblins
  4 kobolds
  3 rats
30 creatures vanquished.

Notes
Turn   | Place    | Note
-------+----------+-------------------------------------------
     0 | D:1      | papiloppo the Demonspawn Fire Elementalist began the quest for the Orb.
     0 | D:1      | Reached XP level 1. HP: 13/13 MP: 3/3
   259 | D:1      | Gained mutation: You are partially covered in yellow scales. (AC +2) [demonic ancestry]
   259 | D:1      | Reached XP level 2. HP: 12/20 MP: 0/5
  1043 | D:2      | Reached XP level 3. HP: 25/25 MP: 1/6
  1311 | D:2      | Reached skill level 1 in Fighting
  1311 | D:2      | Reached skill level 3 in Fire Magic
  1500 | D:2      | Slain by an adder

Vault maps used:
D:1:      nzn_arrival_settlement
D:2:      minmay_door_path, minmay_tree_intersection

Skill      XL: |  1  2  3 |
---------------+----------+-----
Dodging        | 2 |  2.2
Fighting       | 1 |  1.1
Fire Magic     | 3 |  3.0
Stealth        | |  1.7
Spellcasting   | |  2.4
Conjurations   | |  1.7

Action                   || total
-------------------------++-------
Melee: Unarmed           ||    52
 Cast: Flame Tongue      ||    52
 Stab: Sleeping          ||     1
  Eat: Chunk             ||     2
Armor: Robe              ||    22
Dodge: Dodged            ||    69

Table legend:
 A = Spawn XP
 B = Non-spawn XP
 C = Spawn XP percentage of total XP
 D = Spawn monster count
 E = Non-spawn monster count
 F = Spawn count percentage of total count
 G = Total turns spent on level
                    A         B        C        D         E        F      G
               +---------+---------+-------+---------+---------+-------+---------
         Total |       0 |      71 |   0.0 |       0 |      30 |   0.0 |  1500
               +---------+---------+-------+---------+---------+-------+---------
           D:1 |       0 |      37 |   0.0 |       0 |      18 |   0.0 |  1039
           D:2 |       0 |      34 |   0.0 |       0 |      12 |   0.0 |   461
               +---------+---------+-------+---------+---------+-------+---------
